 Dungeon Crawl Stone Soup version 0.29-a0-492-g10b964d8d7 (webtiles) character file.

Game seed: 15521810242366149519

28 Glafi the Skirmisher (level 2, -1/27 HPs)
             Began as a Minotaur Fighter on May 27, 2022.
             Slain by a goblin
             ... wielding a +0 club
             ... led by Robin
              (2 damage)
             ... on level 2 of the Dungeon.
             The game lasted 00:04:07 (1036 turns).

Glafi the Skirmisher (Minotaur Fighter)             Turns: 1036, Time: 00:04:08

Health: -1/27      AC:  7    Str: 20    XL:     2   Next: 96%
Magic:  1/1        EV:  9    Int:  5    God:
Gold:   74         SH:  4    Dex:  9    Spells: 1/1 levels left

rFire   . . .      SeeInvis .   a - +0 war axe
rCold   . . .      Faith    .   c - +0 buckler
rNeg    . . .      Spirit   .   b - +0 scale mail
rPois   .          Reflect  .   (helmet restricted)
rElec   .          Harm     .   (no cloak)
rCorr   .          Rampage  .   (no gloves)
Will    .....                   (no boots)
Stlth   ..........              (no amulet)
HPRegen 0.09/turn               (no ring)
MPRegen 0.07/turn               (no ring)

@: no status effects
A: horns 2, retaliatory headbutt
a: no special abilities


You were on level 2 of the Dungeon.
You visited 1 branch of the dungeon, and saw 2 of its levels.

You collected 74 gold pieces.

Inventory:

Hand Weapons
 a - a +0 war axe (weapon)
Armour
 b - a +0 scale mail (worn)
 c - a +0 buckler (worn)
Scrolls
 g - a scroll of teleportation {unknown}
 j - a scroll of fog {unknown}
 k - a scroll of enchant armour {unknown}
Potions
 d - a potion of might
 e - 2 potions of mutation {unknown}
 f - a potion of lignification {unknown}
 h - a potion of magic {unknown}
 i - a potion of brilliance {unknown}


   Skills:
 * Level 4.3 Fighting
 - Level 2.4 Axes
 + Level 4.2 Armour
 + Level 0.1 Dodging
 + Level 3.9 Shields


You had one spell level left.
You didn't know any spells.
Your spell library contained the following spells:

 Spells                   Type           Power      Damage    Failure   Level
 Magic Dart               Conj           0%         1d3       88%         1
 Call Imp                 Summ           0%         N/A       96%         2
 Mephitic Cloud           Conj/Pois/Air  0%         N/A       99%         3


Dungeon Overview and Level Annotations

Branches:
Dungeon (2/15)

Altars:

Annotations:
D:2 Robin


Innate Abilities, Weirdness & Mutations

You have a pair of horns on your head.
You reflexively headbutt those who attack you in melee.


Message History

You hit the goblin but do no damage. Your headbutt misses the goblin.
You barely miss the goblin.
A hobgoblin comes into view.
The goblin barely misses you. The goblin hits you with a +0 club.
You closely miss the goblin.
The hobgoblin shouts!
You hit the goblin.
You kill the goblin!
The goblin completely misses you. You furiously retaliate!
You headbutt the goblin!
You kill the goblin!
You hit the hobgoblin.
You kill the hobgoblin!
You closely miss the hobgoblin. The hobgoblin barely misses you.
The hobgoblin hits you. Robin throws the goblin at you!
You barely miss the goblin. Your headbutt misses the goblin.
You hit the hobgoblin but do no damage. The goblin hits you but does no damage.
The hobgoblin hits you.
You miss the goblin. You hit the hobgoblin.
The goblin no longer looks unusually strong.
The goblin hits you with a +0 club.
* * * LOW HITPOINT WARNING * * *
The hobgoblin hits you.
* * * LOW HITPOINT WARNING * * *
The goblin hits you but does no damage.
Robin roars a battlecry!
The goblin goes into a battle-frenzy!
The hobgoblin hits you.
* * * LOW HITPOINT WARNING * * *
You miss the goblin. You closely miss the hobgoblin.
The goblin no longer looks unusually strong.
The goblin hits you but does no damage. The hobgoblin barely misses you.
You furiously retaliate!
You headbutt the hobgoblin!
You kill the hobgoblin!
You barely miss the goblin.
The hobgoblin no longer looks unusually strong.
The goblin hits you but does no damage.
Robin says, "Feeling lonely?"
The goblin hits you with a +0 club.
You die...

. ...
.$$.g#######
....gg)@g..#
....g#####.#
#.# #.# #.#
#.########
#........#
########.#
#.# #.#


You could see Robin, a hobgoblin and 3 goblins.

Vanquished Creatures
  2 ball pythons (D:1)
  2 bats (D:1)
  6 goblins
  3 hobgoblins
  4 jackals (D:1)
  A quokka (D:1)
  2 kobolds (D:1)
  3 rats (D:1)
23 creatures vanquished.

Notes
Turn   | Place    | Note
-------+----------+-------------------------------------------
     0 | D:1      | Glafi the Minotaur Fighter began the quest for the Orb.
     0 | D:1      | Reached XP level 1. HP: 19/19 MP: 0/0
   279 | D:1      | Reached XP level 2. HP: 25/27 MP: 1/1
  1024 | D:2      | Noticed Robin
  1034 | D:2      | HP: 1/27 [hobgoblin[Robin] (3)]
  1036 | D:2      | Slain by a goblin

Illustrated notes

Levels and vault maps discovered:
D:1:      dpeg_arrival_tiny_g, layout_basic
D:2:      layout_loops_ring, serial_undead, serial_undead_b, serial_undead_c,
          serial_undead_e, serial_undead_a, minivault_14,
          amcnicky_mini_rare_corridor_liquid, uniq_terence, uniq_robin

Skill      XL: |  1  2 |
---------------+-------+-----
Fighting       | 4 |  4.3
Armour         | 4 |  4.2
Axes           | |  2.4
Dodging        | |  0.1
Shields        | |  3.9

Action                   || total
-------------------------++-------
Melee: War axe           ||    46
       Headbutt          ||     4
Armor: Scale mail        ||    22
Dodge: Dodged            ||    19
Block: Buckler           ||     7

Table legend: (Time is in decaauts)
 A = Elapsed time spent in this place.
 B = Non-inter-level travel time spent in this place.
 C = Inter-level travel time spent in this place.
 D = Time resting spent in this place.
 E = Time spent auto-exploring this place.
 F = Levels seen in this place.
 G = Mean time per level.
                   A        B        C        D        E       F      G
               +--------+--------+--------+--------+--------+-----+--------+
         Total |   1055 |    992 |     63 |    156 |    700 |   2 |  527.5 |
       Dungeon |   1055 |    992 |     63 |    156 |    700 |   2 |  527.5 |
               +--------+--------+--------+--------+--------+-----+--------+

Top non-repeatable levels by time:
     D:1: 1009 daAuts
     D:2: 46 daAuts
